 Dungeon Crawl Stone Soup version 0.31-a0-654-gbe3e110b4e (webtiles) character file.

Game seed: 15984254505424004233

84 bmack86 the Shield-Bearer (level 4, 0/39 HPs)
             Began as a Minotaur Fighter on Aug 29, 2023.
             Killed from afar by an orc wizard (6 damage)
             ... with a puff of flame
             ... on level 3 of the Dungeon.
             The game lasted 00:03:37 (1163 turns).

bmack86 the Shield-Bearer (Minotaur Fighter)        Turns: 1163, Time: 00:03:38

Health: 0/39       AC: 10    Str: 23    XL:     4   Next: 23%
Magic:  3/3        EV:  8    Int:  5    God:
Gold:   101        SH: 10    Dex:  9    Spells: 3/3 levels left

rFire   . . .        a - +0 war axe
rCold   . . .        c - +0 buckler
rNeg    . . .        s - +0 chain mail
rPois   .            (helmet restricted)
rElec   .            f - +0 cloak
rCorr   .            (no gloves)
SInv    .            (no boots)
Will    .....        n - amulet of reflection Stlth
                     (no ring)
HPRegen 0.26/turn    (no ring)
MPRegen 0.08/turn

%: reflection
@: mighty
A: horns 2, retaliatory headbutt
a: no special abilities


You were on level 3 of the Dungeon.
You visited 1 branch of the dungeon, and saw 3 of its levels.

You collected 101 gold pieces.

Inventory:

Hand Weapons
 a - a +0 war axe (weapon)
Missiles
 m - 8 javelins (quivered)
Armour
 b - a +0 scale mail
 c - a +0 buckler (worn)
 f - a +0 cloak (worn)
 s - a +0 chain mail (worn)
Jewellery
 j - a ring of ice
 k - an amulet of guardian spirit
 n - an amulet of reflection (around neck)
Scrolls
 e - a scroll of torment {unknown}
 g - 2 scrolls of teleportation {unknown}
 l - a scroll of enchant armour {unknown}
 o - a scroll of amnesia {unknown}
 r - a scroll of blinking {unknown}
 t - a scroll of noise {unknown}
Potions
 h - 2 potions of berserk rage {unknown}
 i - a potion of haste {unknown}
 p - a potion of mutation {unknown}
 q - a potion of degeneration {unknown}


   Skills:
 - Level 3.6 Fighting
 + Level 3.7 Axes
 - Level 3.6 Armour
 * Level 5.4 Shields


You had 3 spell levels left.
You didn't know any spells.
Your spell library was empty.

Dungeon Overview and Level Annotations

Branches:
Dungeon (3/15)

Altars:


Innate Abilities, Weirdness & Mutations

You have a pair of horns on your head.
You reflexively headbutt those who attack you in melee.


Message History

An orc priest comes into view. It is wielding a +0 hand axe.
Found a helmet.
Found a chain mail and a metallic ruby potion.
Found 8 stones.
The orc priest calls down the wrath of Beogh upon you.
Beogh smites you!
An orc comes into view. It is wielding a +0 whip.
You see here 14 gold pieces.
You now have 101 gold pieces (gained 14).
The orc priest casts a cantrip, but nothing happens.
The orc priest calls down the wrath of Beogh upon you.
Beogh smites you!
You hear a shout!
An orc and an orc wizard come into view.
The orc shouts!
The orc wizard shouts!
The orc priest mumbles some strange prayers to Beogh against you.
You barely resist.
The orc wizard moves out of view.
You hit the orc priest.
The orc priest is lightly wounded.
The orc priest casts a cantrip, but nothing happens.
You block the orc priest's attack.
You barely miss the orc priest.
The orc priest is lightly wounded.
You hit the orc. The orc barely misses you. The orc priest closely misses you.
You barely miss the orc priest.
The orc priest is lightly wounded.
You closely miss the orc. You block the orc's attack.
You hit the orc priest. Your headbutt misses the orc priest.
The orc priest is moderately wounded.
You hit the orc but do no damage. You block the orc's attack.
The orc priest hits you with a +0 hand axe.
* * * LOW HITPOINT WARNING * * *
The orc priest hits you but does no damage.
The orc wizard barely misses you. You furiously retaliate!
You headbutt the orc wizard. The orc hits you with a +0 whip.
* * * LOW HITPOINT WARNING * * *
You feel very mighty all of a sudden.
The orc wizard points at you and mumbles some strange words.
The puff of flame hits you.
You die...

###########.#.# .#
###.#.# #.## .#
###....†## ...##.#
>.>......##.......
###.#.##........#
#.#.##........#
#.#.##........#
#.##..oo..####
#.....@o.....#
.....##..o#.###.#
##.......###..
..........# #.#
####..[..#o# ...
#(...[!.... ..
........####. #
...##....# # ...
##.#.#


You could see an orc priest, an orc wizard and 2 orcs.

Vanquished Creatures
  5 adders
  A dart slug (D:1)
  5 bats
  3 endoplasms
  A giant cockroach (D:1)
  A goblin (D:1)
  5 hobgoblins
  3 jackals (D:2)
  A quokka (D:1)
  4 ball pythons
  3 kobolds (D:1)
  4 rats
36 creatures vanquished.

Notes
Turn   | Place    | Note
-------+----------+-------------------------------------------
     0 | D:1      | bmack86 the Minotaur Fighter began the quest for the Orb.
     0 | D:1      | Reached XP level 1. HP: 19/19 MP: 0/0
   122 | D:1      | Reached skill level 4 in Shields
   126 | D:1      | Reached XP level 2. HP: 24/26 MP: 1/1
   696 | D:2      | Reached XP level 3. HP: 23/31 MP: 2/2
   741 | D:2      | Identified the +0 whip of Fury {freeze, rElec rF+ Int-2}
   877 | D:2      | Reached skill level 5 in Shields
  1116 | D:3      | Reached XP level 4. HP: 39/39 MP: 3/3
  1163 | D:3      | Killed from afar by an orc wizard

Illustrated notes

Levels and vault maps discovered:
D:1:      lightli_iron_boxes, layout_rooms, st_stairs_9,
          amcnicky_mini_pool_small, hangedman_feature_mirror, nicolae_titane
D:2:      layout_rooms
D:3:      layout_loops_ring, serial_forest, infiniplex_forest_lined_2,
          infiniplex_forest_clump_cross, infiniplex_forest_end_2,
          infiniplex_forest_clump_tiny, infiniplex_forest_straight_2,
          infiniplex_forest_straight_4, infiniplex_forest_lined_corner,
          infiniplex_forest_end_1, hellmonk_ghost_happy_afterlife,
          kennysheep_small_spiral

Skill      XL: |  1  2  3 |
---------------+----------+-----
Shields        | 4 5 |  5.4
Axes           | 3 |  3.7
Fighting       | |  3.6
Armour         | |  3.6

Action                     |  1- 3 |  4- 6 || total
---------------------------+-------+-------++-------
  Melee: War axe           |    90 |    10 ||   100
         Headbutt          |    10 |       ||    10
    Use: Potion            |       |     1 ||     1
 Armour: Scale mail        |    48 |       ||    48
         Chain mail        |     2 |     6 ||     8
  Dodge: Dodged            |    62 |     7 ||    69
  Block: Buckler           |    40 |     4 ||    44

Table legend: (Time is in decaauts)
 A = Elapsed time spent in this place.
 B = Non-inter-level travel time spent in this place.
 C = Inter-level travel time spent in this place.
 D = Time resting spent in this place.
 E = Time spent auto-exploring this place.
 F = Levels seen in this place.
 G = Mean time per level.
                   A        B        C        D        E       F      G
               +--------+--------+--------+--------+--------+-----+--------+
         Total |   1199 |   1155 |     44 |      0 |    678 |   3 |  399.7 |
       Dungeon |   1199 |   1155 |     44 |      0 |    678 |   3 |  399.7 |
               +--------+--------+--------+--------+--------+-----+--------+

Top non-repeatable levels by time:
     D:1: 659 daAuts
     D:2: 452 daAuts
     D:3: 87 daAuts
